 Dungeon Crawl Stone Soup version 0.29.1-15-g9cfb28693d (webtiles) character file.

Game seed: 15476928876284466404

45 safid the Chiller (level 3, 0/27 HPs)
             Began as a Merfolk Ice Elementalist on Apr 11, 2023.
             Slain by an orc wizard
             ... wielding a +0 dagger
              (2 damage)
             ... on level 2 of the Dungeon.
             The game lasted 00:03:02 (2223 turns).

safid the Chiller (Merfolk Ice Elementalist)        Turns: 2223, Time: 00:03:03

Health: 0/27       AC:  2    Str:  8    XL:     3   Next: 64%
Magic:  6/6        EV: 12    Int: 16    God:
Gold:   180        SH:  0    Dex: 14    Spells: 3/7 levels left

rFire   . . .      SeeInvis .   k - +4 war axe
rCold   . . .      Faith    .   (no shield)
rNeg    . . .      Spirit   .   a - +0 robe
rPois   .          Reflect  .   (no helmet)
rElec   .          Harm     .   (no cloak)
rCorr   .          Rampage  .   (no gloves)
Will    .....                   (no boots)
Stlth   ++........              (no amulet)
HPRegen 0.09/turn               (no ring)
MPRegen 0.10/turn               (no ring)

@: no status effects
A: (nimble swimmer 2), mertail
a: no special abilities


You were on level 2 of the Dungeon.
You visited 1 branch of the dungeon, and saw 3 of its levels.

You collected 180 gold pieces.

Inventory:

Hand Weapons
 k - a +4 war axe (weapon)
Armour
 a - a +0 robe (worn)
Wands
 h - a wand of polymorph (9)
Scrolls
 c - 5 scrolls of identify {unknown}
 f - a scroll of poison {unknown}
 g - a scroll of teleportation {unknown}
 l - a scroll of immolation {unknown}
Potions
 b - a potion of magic
 d - 2 potions of haste {unknown}
 e - 2 potions of degeneration {unknown}
 i - a potion of curing {unknown}
 j - a potion of cancellation {unknown}


   Skills:
 + Level 1.7 Fighting
 - Level 2.6 Dodging
 - Level 2.1 Stealth
 + Level 2.6 Spellcasting
 + Level 4.9 Ice Magic


You had 3 spell levels left.
You knew the following spells:

 Your Spells              Type           Power      Damage    Failure   Level
a - Freeze                Ice            68%        1d8       2%          1
b - Frozen Ramparts       Ice            34%        1d6       8%          3

Your spell library contained the following spells:

 Spells                   Type           Power      Damage    Failure   Level
 Ozocubu's Armour         Ice            17%        N/A       8%          3
 Hailstorm                Conj/Ice       10%        3d5       56%         4
 Conjure Ball Lightning   Conj/Air       1%         3x3d6     100%        6
 Discord                  Hex            1%         N/A       100%        8
 Disjunction              Tloc           1%         N/A       100%        8


Dungeon Overview and Level Annotations

Branches:
Dungeon (3/15)

Altars:
Nemelex Xobeh

Shops:
D:2 =*


Innate Abilities, Weirdness & Mutations

((You are very nimble when in or above water. (Stealth+, EV+, Speed+++)))
Your lower body shifts to a powerful aquatic tail in water.


Message History

The orc is lightly wounded.
The orc hits you with a +0 dagger.
The orc priest calls upon Beogh to heal the orc.
The orc's wounds heal themselves!
Unknown command.
You hit the orc.
The orc is heavily wounded.
The orc misses you. The orc hits you with a +0 dagger.
You are too injured to fight recklessly!
You are too injured to fight recklessly!
You slash the orc!
You kill the orc!
The orc priest looks encouraged for a moment.
Unknown command.
You closely miss the orc priest.
The orc priest is severely wounded.
The orc priest mumbles some strange prayers to Beogh against you.
Beogh smites you!
* * * LOW HITPOINT WARNING * * *
The orc priest hits you with a +0 flail.
* * * LOW HITPOINT WARNING * * *
You slash the orc priest!
You kill the orc priest!
An endoplasm comes into view.
Unknown command.
Something hits you but does no damage.
There is a stone staircase leading up here.
Something hits you.
* * * LOW HITPOINT WARNING * * *
You climb upwards.
Reactivating autopickup.
There is a stone staircase leading down here.
Unknown command.
An orc wizard appears from thin air!
You barely miss the orc wizard.
The orc wizard mumbles some strange words.
The orc wizard flickers and vanishes!
Deactivating autopickup; reactivate with Ctrl-A.
Something hits you.
You die...

#############
##............
######........#####
#.......#.#...#####
#.>................
#.{#.#.............
#.@#..##...........
#..#..#.#..........
#......#.##......##
##......##.#....#.#
###....#.#.####.#.
#.....#.##..##.#
#......##....##.
#...............
#...............


There were no monsters in sight!

Vanquished Creatures
  An orc priest (D:3)
  An adder (D:2)
  A worm (D:2)
  2 dart slugs (D:2)
  2 orcs (D:3)
  An endoplasm (D:2)
  3 goblins
  2 kobolds (D:2)
  2 ball pythons
  4 bats (D:1)
  4 frilled lizards
  2 rats (D:2)
25 creatures vanquished.

Notes
Turn   | Place    | Note
-------+----------+-------------------------------------------
     0 | D:1      | safid the Merfolk Ice Elementalist began the quest for the
                  | Orb.
     0 | D:1      | Reached XP level 1. HP: 13/13 MP: 3/3
   813 | D:1      | Reached XP level 2. HP: 19/20 MP: 5/5
   890 | D:2      | Reached skill level 1 in Fighting
  1044 | D:2      | Found Jetoluad's Assorted Antiques.
  1185 | D:2      | Reached XP level 3. HP: 7/26 MP: 0/6
  1189 | D:2      | Learned a level 3 spell: Frozen Ramparts
  1796 | D:2      | Found Ynkoco's One-of-a-Kind Rings.
  2196 | D:3      | Found a sparkling altar of Nemelex Xobeh.
  2223 | D:2      | Slain by an orc wizard

Illustrated notes

Levels and vault maps discovered:
D:1:      dpeg_arrival_rooms_c, layout_basic
D:2:      layout_loops_corners, serial_shops, shop_coins, minmay_door_square,
          minmay_misc_feat_secret_circle, nrook_uturn, nicolae_shop_unique_rings
D:3:      layout_loops_ring, lemuel_doored_altar, mainiacjoe_overflow_paths

Skill      XL: |  1  2 |
---------------+-------+-----
Fighting       | 1 |  1.7
Dodging        | |  2.6
Stealth        | |  2.1
Spellcasting   | |  2.6
Ice Magic      | |  4.9

Action                   || total
-------------------------++-------
Melee: Long sword        ||    18
       Unarmed           ||     8
       War axe           ||    18
 Cast: Freeze            ||    17
 Stab: Sleeping          ||     3
Armor: Robe              ||    16
Dodge: Dodged            ||    35
